MWL (24 & UNDER)
MINNESOTA DEATH STARS @ LEE'S SUMMIT TIGERS
09/01/2030
 
TOP OF THE 1ST
Minnesota Death Stars batting - Pitching for Lee's Summit Tigers : RHP José Medellín
Pitching: RHP José Medellín
Batting: RHB Lou Hammond 0-0: Ball
1-0: Ball
2-0: Called Strike
2-1: SOLO HOME RUN (Flyball, 9D), Distance : 366 ft
Batting: RHB Danny Scott 0-0: Ball
1-0: Called Strike
1-1: Foul Ball, location: 2F
1-2: Ball
2-2: Strikes out swinging
Batting: LHB Gonzalo Gálvez 0-0: Called Strike
0-1: Ball
1-1: Called Strike
1-2: Ball
2-2: Fly out, F3 (Popup, 23F)
Batting: RHB Manuel Cintrón 0-0: Hit by Pitch
Batting: RHB Sidney Smith 0-0: Called Strike
Manuel Cintrón steals 2nd base
0-1: Ball
1-1: Fly out, F7 (Line Drive, 78M)
Top of the 1st over - 1 run, 1 hit, 0 errors, 1 left on base; Minnesota 1 - Lee's Summit 0
BOTTOM OF THE 1ST
Lee's Summit Tigers batting - Pitching for Minnesota Death Stars : RHP Abel Walker
Pitching: RHP Abel Walker
Batting: RHB José Deleón 0-0: Foul Ball, location: 2F
0-1: Ball
1-1: Ground out U3 (Groundball, 34)
Batting: RHB William Flores 0-0: Foul Ball, location: 2F
0-1: Foul Ball, location: 2F
0-2: Foul Ball, location: 2F
0-2: Ball
1-2: Foul Ball, location: 2F
1-2: Ground out 6-3 (Groundball, 6)
Batting: LHB Brian Lawson 0-0: Ball
1-0: Foul Ball, location: 2F
1-1: SINGLE (Groundball, 4MD)
Batting: RHB Tommy Smith 0-0: Called Strike
0-1: SINGLE (Groundball, 56) (infield hit)
Brian Lawson to second
Batting: LHB Víctor Piña 0-0: Called Strike
0-1: Ball
1-1: Foul Ball, location: 2F
1-2: Fly out, F8 (Flyball, 8LD)
Bottom of the 1st over - 0 runs, 2 hits, 0 errors, 2 left on base; Minnesota 1 - Lee's Summit 0
TOP OF THE 2ND
Minnesota Death Stars batting - Pitching for Lee's Summit Tigers : RHP José Medellín
Batting: LHB Chris Henry 0-0: Foul Ball, location: 2F
0-1: Ball
1-1: Fly out, F3 (Popup, 34D)
Batting: RHB Ernesto Quintero 0-0: Ball
1-0: Called Strike
1-1: Called Strike
1-2: Strikes out swinging
Batting: LHB Jamie Walker 0-0: Foul Ball, location: 2F
0-1: Ball
1-1: Foul Ball, location: 2F
1-2: Ground out 4-3 (Groundball, 4)
Top of the 2nd over - 0 runs, 0 hits, 0 errors, 0 left on base; Minnesota 1 - Lee's Summit 0
BOTTOM OF THE 2ND
Lee's Summit Tigers batting - Pitching for Minnesota Death Stars : RHP Abel Walker
Batting: RHB Juan Rodríguez 0-0: Ball
1-0: Called Strike
1-1: Ball
2-1: Ball
3-1: Base on Balls
Batting: LHB António Bonaccorsi 0-0: Ball
1-0: Grounds into double play, 3-6-3 (Groundball, 3)
Batting: RHB Josh Martin 0-0: Called Strike
0-1: Ground out 5-3 (Groundball, 56)
Bottom of the 2nd over - 0 runs, 0 hits, 0 errors, 0 left on base; Minnesota 1 - Lee's Summit 0
TOP OF THE 3RD
Minnesota Death Stars batting - Pitching for Lee's Summit Tigers : RHP José Medellín
Batting: LHB Doyle Price 0-0: SINGLE (Groundball, 4D)
Batting: RHB Lou Hammond 0-0: Ball
1-0: Foul Ball, location: 2F
1-1: Swinging Strike
1-2: Ball
2-2: Strikes out swinging
Batting: RHB Danny Scott 0-0: Ball
1-0: Called Strike
Doyle Price steals 2nd base
1-1: Foul Ball, location: 2F
1-2: Strikes out swinging
Batting: LHB Gonzalo Gálvez 0-0: Called Strike
0-1: SINGLE (Line Drive, 8RS)
Doyle Price to third
Runner from 3rd tries for Home, SAFE, no throw
Batting: RHB Manuel Cintrón 0-0: Called Strike
Gonzalo Gálvez steals 2nd base
0-1: Ground out 6-3 (Groundball, 6)
Top of the 3rd over - 1 run, 2 hits, 0 errors, 1 left on base; Minnesota 2 - Lee's Summit 0
BOTTOM OF THE 3RD
Lee's Summit Tigers batting - Pitching for Minnesota Death Stars : RHP Abel Walker
Batting: SHB Enrique Bartoccini 0-0: Foul Ball, location: 2F
0-1: Ball
1-1: Called Strike
1-2: Ball
2-2: Strikes out swinging
Batting: RHB José Deleón 0-0: Called Strike
0-1: Called Strike
0-2: Ball
1-2: Ball
2-2: Fly out, F9 (Flyball, 9S)
Batting: RHB William Flores 0-0: Ball
1-0: Foul Ball, location: 2F
1-1: Ball
2-1: Foul Ball, location: 2F
2-2: Ground out 6-3 (Groundball, 6S)
Bottom of the 3rd over - 0 runs, 0 hits, 0 errors, 0 left on base; Minnesota 2 - Lee's Summit 0
TOP OF THE 4TH
Minnesota Death Stars batting - Pitching for Lee's Summit Tigers : RHP José Medellín
Batting: RHB Sidney Smith 0-0: Called Strike
0-1: Ball
1-1: Ball
2-1: Foul Ball, location: 2F
2-2: Strikes out swinging
Batting: LHB Chris Henry 0-0: Ball
1-0: Fly out, F4 (Popup, 34D)
Batting: RHB Ernesto Quintero 0-0: Ball
1-0: Swinging Strike
1-1: Ground out 6-3 (Groundball, 6)
Top of the 4th over - 0 runs, 0 hits, 0 errors, 0 left on base; Minnesota 2 - Lee's Summit 0
BOTTOM OF THE 4TH
Lee's Summit Tigers batting - Pitching for Minnesota Death Stars : RHP Abel Walker
Batting: LHB Brian Lawson 0-0: SINGLE (Groundball, 6) (infield hit)
Batting: RHB Tommy Smith 0-0: Called Strike
0-1: Fly out, F7 (Flyball, 7LMF)
Batting: LHB Víctor Piña 0-0: Foul Ball, location: 2F
0-1: Ball
1-1: Ball
2-1: SINGLE (Flyball, 9LM)
Brian Lawson to second
Runner from 2nd tries for 3rd, SAFE, throw made to third
Batting: RHB Juan Rodríguez 0-0: Called Strike
0-1: Grounds into double play, 4-6-3 (Groundball, 4)
Bottom of the 4th over - 0 runs, 2 hits, 0 errors, 1 left on base; Minnesota 2 - Lee's Summit 0
TOP OF THE 5TH
Minnesota Death Stars batting - Pitching for Lee's Summit Tigers : RHP José Medellín
Batting: LHB Jamie Walker 0-0: Called Strike
0-1: Foul Ball, location: 2F
0-2: Strikes out looking
Batting: LHB Doyle Price 0-0: Bunt - Flyout! F2
Batting: RHB Lou Hammond 0-0: Ground out 5-3 (Groundball, 56)
Top of the 5th over - 0 runs, 0 hits, 0 errors, 0 left on base; Minnesota 2 - Lee's Summit 0
BOTTOM OF THE 5TH
Lee's Summit Tigers batting - Pitching for Minnesota Death Stars : RHP Abel Walker
Batting: LHB António Bonaccorsi 0-0: Foul Ball, location: 2F
0-1: Ground out 6-3 (Groundball, 6M)
Batting: RHB Josh Martin 0-0: Swinging Strike
0-1: Called Strike
0-2: Ball
1-2: Fly out, F8 (Flyball, 8RS)
Batting: SHB Enrique Bartoccini 0-0: Called Strike
0-1: Ground out U3 (Groundball, 34)
Bottom of the 5th over - 0 runs, 0 hits, 0 errors, 0 left on base; Minnesota 2 - Lee's Summit 0
TOP OF THE 6TH
Minnesota Death Stars batting - Pitching for Lee's Summit Tigers : RHP José Medellín
Batting: RHB Danny Scott 0-0: Called Strike
0-1: Ball
1-1: Ball
2-1: Called Strike
2-2: Strikes out looking
Batting: LHB Gonzalo Gálvez 0-0: Ball
1-0: Called Strike
1-1: SOLO HOME RUN (Flyball, 78XD), Distance : 376 ft
Batting: RHB Manuel Cintrón 0-0: Foul Ball, location: 2F
0-1: Fly out, F1 (Line Drive, 13)
Batting: RHB Sidney Smith 0-0: Foul Ball, location: 2F
0-1: Ball
1-1: Ball
2-1: Fly out, F8 (Flyball, 8RD)
Top of the 6th over - 1 run, 1 hit, 0 errors, 0 left on base; Minnesota 3 - Lee's Summit 0
BOTTOM OF THE 6TH
Lee's Summit Tigers batting - Pitching for Minnesota Death Stars : RHP Abel Walker
Batting: RHB José Deleón 0-0: Ball
1-0: SINGLE (Line Drive, 7LS)
Batting: RHB William Flores 0-0: Swinging Strike
0-1: Foul Ball, location: 2F
0-2: Ball
1-2: 2-RUN HOME RUN (Flyball, 7D), Distance : 348 ft
Batting: LHB Brian Lawson 0-0: Ball
1-0: Called Strike
1-1: Ball
2-1: Fly out, F7 (Flyball, 78M)
Now in LF: Larry Wright
Batting: RHB Tommy Smith 0-0: Fly out, F9 (Flyball, 89M)
Batting: LHB Víctor Piña 0-0: Ball
1-0: Ball
2-0: Foul Ball, location: 2F
2-1: Foul Ball, location: 2F
2-2: Foul Ball, location: 2F
2-2: Ball
3-2: Foul Ball, location: 2F
3-2: Base on Balls
Batting: RHB Juan Rodríguez 0-0: Foul Ball, location: 2F
0-1: Ball
1-1: Ball
2-1: Foul Ball, location: 2F
2-2: Strikes out swinging, 2-3 out at first.
Bottom of the 6th over - 2 runs, 2 hits, 0 errors, 1 left on base; Minnesota 3 - Lee's Summit 2
TOP OF THE 7TH
Minnesota Death Stars batting - Pitching for Lee's Summit Tigers : RHP José Medellín
Batting: LHB Chris Henry 0-0: Swinging Strike
0-1: Ball
1-1: Ball
2-1: Ball
3-1: Called Strike
3-2: SINGLE (Groundball, 34D)
Batting: RHB Ernesto Quintero 0-0: Grounds into double play, 6-4-3 (Groundball, 6)
Batting: LHB Jamie Walker 0-0: Ball
1-0: SINGLE (Line Drive, 6MD)
Pinch Hitting: LHB William Harris 0-0: Ball
1-0: Called Strike
1-1: Called Strike
1-2: Ball
Jamie Walker steals 2nd base
2-2: Strikes out swinging
Top of the 7th over - 0 runs, 2 hits, 0 errors, 1 left on base; Minnesota 3 - Lee's Summit 2
BOTTOM OF THE 7TH
Lee's Summit Tigers batting - Pitching for Minnesota Death Stars : RHP Abel Walker
Now in RF: Ryan Miller
Batting: LHB António Bonaccorsi 0-0: Ball
1-0: Reached on error, E3 (Groundball, 34)
Pinch Hitting: LHB Carlos Gutiérrez 0-0: Fly out, F5 (Popup, 56S)
Pinch Hitting: RHB Stephen Segura 0-0: Ball
1-0: Called Strike
1-1: Foul Ball, location: 2F
1-2: Foul Ball, location: 2F
1-2: Foul Ball, location: 2F
1-2: Strikes out looking
Batting: RHB José Deleón 0-0: Called Strike
0-1: Called Strike
0-2: Foul Ball, location: 2F
0-2: Ball
1-2: Strikes out swinging
Bottom of the 7th over - 0 runs, 0 hits, 1 error, 1 left on base; Minnesota 3 - Lee's Summit 2
TOP OF THE 8TH
Minnesota Death Stars batting - Pitching for Lee's Summit Tigers : RHP José Medellín
Now at 2B: Chris Boner
Now at SS: Stephen Segura
Batting: RHB Lou Hammond 0-0: Called Strike
0-1: Ball
1-1: Ball
2-1: Ball
3-1: Ground out 6-3 (Groundball, 6S)
Batting: RHB Danny Scott 0-0: Called Strike
0-1: Foul Ball, location: 2F
0-2: Ball
1-2: Strikes out swinging
Batting: LHB Larry Wright 0-0: Called Strike
0-1: Foul Ball, location: 2F
0-2: Strikes out looking
Top of the 8th over - 0 runs, 0 hits, 0 errors, 0 left on base; Minnesota 3 - Lee's Summit 2
BOTTOM OF THE 8TH
Lee's Summit Tigers batting - Pitching for Minnesota Death Stars : RHP Abel Walker
Batting: RHB William Flores 0-0: SINGLE (Line Drive, 9S)
Batting: LHB Brian Lawson 0-0: Ball
1-0: Called Strike
1-1: Grounds into double play, 6-4-3 (Groundball, 56)
Batting: RHB Tommy Smith 0-0: Fly out, F3 (Popup, 3SF)
Bottom of the 8th over - 0 runs, 1 hit, 0 errors, 0 left on base; Minnesota 3 - Lee's Summit 2
TOP OF THE 9TH
Minnesota Death Stars batting - Pitching for Lee's Summit Tigers : RHP José Medellín
Pitching: LHP Luis Sandoval
Batting: RHB Manuel Cintrón 0-0: Called Strike
0-1: Called Strike
0-2: Foul Ball, location: 2F
0-2: Foul Ball, location: 2F
0-2: Ball
1-2: Ball
2-2: Foul Ball, location: 2F
2-2: Ball
3-2: SINGLE (Flyball, 9LS)
Batting: RHB Sidney Smith 0-0: Called Strike
0-1: Ball
1-1: Ball
2-1: Fly out, F8 (Flyball, 8LM)
Batting: LHB Chris Henry 0-0: Called Strike
0-1: Fielders Choice at 2nd, 3-6 (Groundball, 3)
Batting: RHB Ernesto Quintero 0-0: Foul Ball, location: 2F
0-1: Ball
1-1: Called Strike
1-2: Foul Ball, location: 2F
1-2: Ball
2-2: Foul Ball, location: 2F
2-2: Strikes out swinging
Top of the 9th over - 0 runs, 1 hit, 0 errors, 1 left on base; Minnesota 3 - Lee's Summit 2
BOTTOM OF THE 9TH
Lee's Summit Tigers batting - Pitching for Minnesota Death Stars : RHP Abel Walker
Pitching: LHP Kurt Brown
Batting: LHB Víctor Piña 0-0: Ball
1-0: Foul Ball, location: 2F
1-1: Swinging Strike
1-2: Ball
2-2: Ball
3-2: SINGLE (Line Drive, 89S)
Pinch Runner at 1st Claudio Jiménez:
Batting: RHB Juan Rodríguez 0-0: Ball
1-0: Ball
2-0: Called Strike
2-1: Ball
3-1: Base on Balls
Claudio Jiménez to second
Pinch Hitting: RHB John Arnold 0-0: Ball
1-0: Foul Ball, location: 2F
1-1: Called Strike
1-2: Foul Ball, location: 2F
1-2: Foul Ball, location: 2F
1-2: Ground out U3 (Groundball, 3S)
Claudio Jiménez to third
Juan Rodríguez to second
Batting: RHB Chris Boner 0-0: Called Strike
0-1: Ball
1-1: Called Strike
1-2: Ball
2-2: Strikes out swinging
Batting: RHB Stephen Segura 0-0: Foul Ball, location: 2F
0-1: Called Strike
0-2: Fly out, F9 (Flyball, 89S)
Bottom of the 9th over - 0 runs, 1 hit, 0 errors, 2 left on base; Minnesota 3 - Lee's Summit 2
Saturday, April 7th, 2018 - OOTP Baseball 18.8 Build 76